 Dungeon Crawl Stone Soup version 0.17.0-28-g6e173f8 (webtiles) character file.

230972 Ijustatesigmund the Bludgeoner (level 19, 0/155 HPs)
             Began as a Demonspawn Berserker on Nov 27, 2015.
             Was the Champion of Trog.
             Shot with a bolt by Vashnia (22 damage)
             ... on level 2 of the Snake Pit on Nov 30, 2015.
             The game lasted 02:32:32 (32927 turns).

Ijustatesigmund the Bludgeoner (DsBe)              Turns: 32927, Time: 02:32:33

Health: 0/155      AC: 33    Str: 36    XL:     19   Next: 13%
Magic:  19/19      EV: 24    Int:  9    God:    Trog [******]
Gold:   1763       SH:  0    Dex: 18    Spells: 0 memorised, 18 levels left

rFire  . . .     SeeInvis .     Z - +9 great mace (protect)
rCold  . . .     Clarity  .     y - +1 chain mail of the Assorted Curses {Str+5}
rNeg   + . .     SustAt   .     (shield currently unavailable)
rPois  +         Gourm    .     p - +1 hat {MR+}
rElec  +         Spirit   .     J - +2 cloak
rCorr  .         Warding  .     (gloves unavailable)
rMut   .         Stasis   .     i - +1 pair of boots
MR     ++...                    x - amulet of regeneration
Stlth  ..........               N - ring "Xaptaim" {EV+4 Str+6}
                                B - ring "Siqim" {AC+6 Str+5}

@: lethally poisoned (0 -> -1), exhausted, slowed, very slow, very resistant to
hostile enchantments, extremely unstealthy
A: claws 3, horns 2, talons 2, negative energy resistance 1, poison resistance,
powered by death 2, electricity resistance, spiny 3, 50% torment resistance
a: Berserk, Trog's Hand, Brothers in Arms, Burn Spellbooks, Renounce Religion


You were on level 2 of the Snake Pit.
You worshipped Trog.
Trog was exalted by your worship.
You were near starving.

You visited 5 branches of the dungeon, and saw 33 of its levels.
You also visited: Labyrinth and Ice Cave.

You collected 3572 gold pieces.
You spent 1809 gold pieces at shops.

Inventory:

Hand Weapons
 b - a +4 antimagic great mace
 W - a +5 demon whip of venom
 Z - a +9 great mace of protection (weapon)
Missiles
 I - 14 javelins (quivered)
Armour
 i - a +1 pair of boots (worn)
 p - a +1 hat of magic resistance (worn)
 y - the +1 chain mail of the Assorted Curses (worn) {Str+5}
   (You took it off a minotaur in a labyrinth)

   It affects your strength (+5).
 J - a +2 cloak (worn)
Rods
 O - a +1 iron rod (13/13)
   (You took it off a centaur on level 15 of the Dungeon)
Jewellery
 a - the ring "Ruiskaett" {MP+9 AC+4 Int+3 Stlth+}
   (You found it on level 7 of the Dungeon)

   [ring of protection]

   It affects your AC (+4).
   It affects your intelligence (+3).
   It affects your magic capacity (+9).
   It makes you more stealthy.
 d - an uncursed amulet of resist mutation
 q - an uncursed ring of protection from fire
 u - an uncursed amulet of clarity
 x - an amulet of regeneration (around neck)
 B - the ring "Siqim" (left claw) {AC+6 Str+5}
   (You bought it in a shop on level 1 of the Orcish Mines)

   [ring of protection]

   It affects your AC (+6).
   It affects your strength (+5).
 H - a +5 ring of evasion
 N - the ring "Xaptaim" (right claw) {EV+4 Str+6}
   (You found it on level 1 of the Depths)

   [ring of evasion]

   It affects your evasion (+4).
   It affects your strength (+6).
 Q - a +3 ring of slaying
 R - an uncursed ring of protection from fire
 S - an uncursed ring of ice
Wands
 E - a wand of cold (5)
 G - a wand of teleportation (3)
 L - a wand of disintegration (12)
 T - a wand of teleportation (3)
 X - a wand of digging (10)
Scrolls
 e - 3 scrolls of enchant armour
 g - 8 scrolls of fog
 l - 6 scrolls of remove curse
 m - 4 scrolls of teleportation
 v - 5 scrolls of recharging
 w - a scroll of summoning
 A - 6 scrolls of immolation
 C - a scroll of blinking
 K - 6 scrolls of enchant weapon
 M - 2 scrolls of fear
 V - 3 scrolls of identify
Potions
 f - 2 potions of ambrosia
 h - 3 potions of flight
 j - 6 potions of brilliance
 k - 10 potions of curing
 n - 5 potions of heal wounds
 r - 3 potions of agility
 s - 2 potions of invisibility
 z - a potion of magic
 D - 2 potions of lignification
 P - 5 potions of haste
 U - 2 potions of cancellation
Books
 t - a book of Cantrips

   Spells                             Type                      Level
   a - Corona                         Hexes                        1
   b - Animate Skeleton               Necromancy                   1
   c - Summon Small Mammal            Summoning                    1
   d - Apportation                    Translocation                1
   Trog disapproves of the use of such an item.
Comestibles
 c - 10 bread rations
 o - 10 meat rations
 F - a fruit


   Skills:
 + Level 15.0 Fighting
 + Level 18.7 Maces & Flails
 - Level 7.3 Throwing
 - Level 15.6 Armour
 - Level 13.8 Dodging


You had 18 spell levels left.
You didn't know any spells.

Dungeon Overview and Level Annotations

Branches:
Dungeon (15/15)            Temple (0/1) D:6            Lair (8/8) D:8
 Shoals (0/4) Lair:6        Snake (2/4) Lair:4        Slime (0/6) Lair:7
    Orc (4/4) D:10            Elf (0/3) Orc:4        Vaults (0/5) D:13
 Depths (4/5) D:15

Altars:
Ashenzari
Fedhas
Gozag
Kikubaaqudgha
Nemelex Xobeh
Okawaru
Trog
Beogh
Jiyva

Shops:
D:4 [   D:10 %   Orc:1 =   Orc:4 *!=*   Snake:1 :%*   Depths:1 :

Portals:
Hell: Depths:1 Depths:2 Depths:4
Abyss: Depths:1
Pandemonium: Depths:3
Ziggurat: Depths:2

Annotations:
Snake:2 Vashnia
Depths:3 exclusion: 2 orange crystal statues


Innate Abilities, Weirdness & Mutations

You have claws for hands.
You have a pair of horns on your head.
You have razor-sharp toenails.
You resist negative energy.
You regenerate health from kills.
You are completely covered in sharp spines.
You are somewhat able to resist unholy torments (1 in 2 success).
Your system is resistant to poisons.
You are resistant to electric shocks.


Message History

You closely miss the naga sharpshooter.
Your headbutt misses the naga sharpshooter.
The naga sharpshooter is almost dead.
You pound the naga sharpshooter like an anvil!!!
You kill the naga sharpshooter!
Trog accepts your kill.
Trog appreciates your killing of a magic user.
You feel sick.
Vashnia shoots a bolt.
The bolt hits you!
* * * LOW HITPOINT WARNING * * *
You are no longer berserk.
You are exhausted.
You feel yourself slow down.
You are near starving!
Things that are here:
a shortbow; an uncursed flail; 15 arrows Vashnia spits poison at you.
The splash of poison hits you!
You are more poisoned.
You resist.
Vashnia shoots a bolt.
The bolt hits you!!
You die...

########################
.....N.@)(...N((((.(((..
.....##....(((...#####(.
... #.......(#########!(
# ########## #.....#
#######


You could see Vashnia and a naga sharpshooter.

Vanquished Creatures
  An ancient lich (Depths:3)
  Boris (Depths:4)
  Jory (Depths:3)
  2 liches (Depths:2)
  Rupert (D:13)
  A tentacled monstrosity (Depths:4)
  2 sphinxes
  Frances (D:12)
  A storm dragon (shapeshifter) (Depths:3)
  A storm dragon (Depths:4)
  Wiglaf (Depths:2)
  2 fire giants
  3 frost giants
  Aizul (Snake:1)
  3 very ugly things (Depths:3)
  13 stone giants
  A vampire knight (Depths:4)
  10 ettins
  Snorg (Lair:5)
  An eidolon (Depths:3)
  The ghost of lucasterio the Geomancer, a journeyman GrEE of Sif Muna (Lair:5)
  A merfolk javelineer (Depths:4)
  A minotaur (Lab)
  Erolcha (Orc:2)
  3 yaktaur captains
  5 fire dragons
  3 ice dragons
  A great orb of eyes (Depths:1)
  4 entropy weavers
  5 rakshasas
  2 spriggan air magi
  A catoblepas (Lair:8)
  2 naga warriors (Snake:1)
  An ogre mage (Depths:2)
  4 hydras
  2 anacondas (Snake:2)
  3 death yaks (Lair:8)
  A queen ant (Lair:3)
  3 tengu warriors
  7 centaur warriors
  8 deep troll earth magi
  A shock serpent (Snake:1)
  2 deep troll shamans
  2 spriggan berserkers
  3 dancing weapons (Depths:3)
  11 naga sharpshooters
  A spriggan (Depths:4)
  Urug (Lair:1)
  2 soul eaters (Depths:3)
  11 hell knights
  Nergalle (Orc:1)
  2 iron trolls (Depths:2)
  4 unseen horrors
  2 shadow wraiths (Depths:3)
  5 giant orange brains
  6 skeletal warriors
  A ball lightning (Depths:1)
  2 flayed ghosts (Depths:3)
  6 hill giants
  4 phantasmal warriors
  4 orc knights
  A wizard (Depths:2)
  13 deep trolls
  5 necromancers
  7 mana vipers
  An orc sorcerer (D:15)
  A wolf spider zombie (D:15)
  A deep elf conjurer (D:15)
  3 griffons
  26 ugly things
  4 manticores
  A cyclops (D:14)
  2 salamanders
  An oklob plant (Lair:7)
  4 elephants (Lair:8)
  2 frost giant skeletons (Depths:1)
  23 black mambas
  2 naga magi
  A guardian serpent (shapeshifter) (D:14)
  An ice statue (IceCv)
  A spriggan zombie (Depths:1)
  Psyche (D:8)
  2 gargoyles
  A guardian serpent (Snake:1)
  14 spiny frogs
  A kobold demonologist (D:15)
  An anaconda simulacrum (Depths:3)
  8 komodo dragons
  A komodo dragon (shapeshifter) (Depths:1)
  15 yaktaurs
  A spectral merfolk (Depths:3)
  A spriggan druid (Lair:8)
  5 fire drakes
  2 efreet (D:14)
  10 freezing wraiths (IceCv)
  6 trolls
  5 polar bears
  3 two-headed ogres
  A jumping spider (Depths:2)
  A merfolk (shapeshifter) (D:13)
  A blink frog (shapeshifter) (D:14)
  5 raiju
  7 wind drakes (Depths:1)
  2 tengu conjurers
  A queen bee (shapeshifter) (D:13)
  16 blink frogs
  A trapdoor spider zombie (D:12)
  29 slime creatures
  3 small abominations (Depths:1)
  A harpy skeleton (D:15)
  A deep troll zombie (Depths:1)
  3 trapdoor spiders
  Sigmund (D:5)
  A yak (shapeshifter) (Depths:2)
  10 redbacks
  2 vampires
  5 shadows (Depths:3)
  7 water elementals
  14 wyverns
  2 deep elf magi
  64 yaks
  15 air elementals
  14 hippogriffs
  8 wraiths
  A tarantella (Depths:2)
  2 chaos spawn (Depths:1)
  2 humans (D:9)
  The ghost of AAAAA the Insei, an amateur HuMo (D:6)
  2 basilisks
  5 hungry ghosts
  29 wolves
  9 vampire mosquitoes
  19 insubstantial wisps
  2 mottled dragons
  2 death yak simulacra (IceCv)
  6 wargs
  15 soldier ants (Lair:3)
  5 hell hounds
  10 nagas
  2 spectral trolls (Depths:3)
  7 porcupines
  32 orc warriors
  4 sky beasts
  8 large abominations (Depths:1)
  A wasp (Depths:4)
  18 ice beasts
  16 water moccasins
  A hydra simulacrum (Depths:3)
  2 black bears
  3 phantoms
  4 spectral spriggans (Depths:3)
  An alligator simulacrum (IceCv)
  27 centaurs
  An elf simulacrum (Depths:1)
  A snapping turtle zombie (Depths:3)
  3 eyes of draining
  14 ogres
  4 big kobolds
  17 crocodiles
  24 giant frogs
  A wyvern zombie (D:8)
  3 scorpions
  A killer bee (shapeshifter) (Depths:2)
  A spectral naga (Depths:3)
  2 wights (Depths:3)
  2 spectral ogres (Depths:3)
  11 killer bees
  4 spectral centaurs (Depths:3)
  7 crimson imps
  A quasit (D:7)
  5 draconian simulacra (IceCv)
  24 orc priests
  2 spriggan skeletons (D:12)
  A giant frog zombie (D:9)
  4 jellies
  8 centaur zombies
  7 hounds
  6 giant frog skeletons
  21 orc wizards
  13 centaur skeletons
  13 iguanas
  19 sheep
  5 troll simulacra (IceCv)
  45 worker ants
  A wolf simulacrum (IceCv)
  2 spriggan simulacra (Depths:3)
  4 centaur simulacra (IceCv)
  2 hound skeletons
  2 hound zombies
  Robin (D:2)
  52 river rats
  8 gnolls
  7 adders
  4 naga simulacra
  3 ogre simulacra (IceCv)
  5 shadow imps
  12 white imps (IceCv)
  A giant eyeball (Depths:3)
  2 worms
  4 giant geckos
  149 orcs
  A giant cockroach (D:3)
  9 hobgoblins
  14 jackals
  4 quokkas
  5 bats
  2 giant cockroach zombies
  A giant gecko skeleton (D:4)
  3 giant newts
  17 goblins
  30 kobolds
  6 rats
  A fungus (Lair:3)
  2 plants
1430 creatures vanquished.

Vanquished Creatures (collateral kills)
  Nessos (Orc:3)
1 creature vanquished.

Vanquished Creatures (others)
  An eldritch tentacle (Depths:2)
  17 ball lightnings (Depths:1)
  An orc sorcerer (D:15)
  4 wind drakes (Depths:1)
  An orc (Orc:4)
  106 eldritch tentacle segments (Depths:2)
  7 fungi
  2 lost souls (Depths:3)
  11 plants
150 creatures vanquished.

Grand Total: 1581 creatures vanquished

Notes
Turn   | Place    | Note
--------------------------------------------------------------
     0 | D:1      | Ijustatesigmund the Demonspawn Berserker began the quest for the Orb.
     0 | D:1      | Reached XP level 1. HP: 18/18 MP: 1/1
   351 | D:1      | Gained mutation: You have sharp fingernails. [demonic ancestry]
   351 | D:1      | Reached XP level 2. HP: 17/24 MP: 2/2
  1279 | D:2      | Gained mutation: You regenerate a little health from kills. [demonic ancestry]
  1279 | D:2      | Reached XP level 3. HP: 29/29 MP: 3/3
  1295 | D:2      | Reached ** piety under Trog
  1480 | D:2      | Noticed Robin
  1499 | D:2      | Killed Robin
  1725 | D:2      | Gained mutation: You have sharp toenails. [demonic ancestry]
  1725 | D:2      | Reached XP level 4. HP: 33/37 MP: 4/4
  1731 | D:2      | Found a bloodstained altar of Trog.
  1731 | D:2      | Found a sparkling altar of Nemelex Xobeh.
  1894 | D:3      | Reached skill level 4 in Fighting
  2011 | D:3      | Reached *** piety under Trog
  2414 | D:3      | Reached XP level 5. HP: 42/42 MP: 5/5
  2727 | D:4      | Found Mesauh's Armour Shop.
  2846 | D:4      | Noticed an ogre
  2865 | D:4      | Killed an ogre
  2865 | D:4      | Reached skill level 5 in Maces & Flails
  2865 | D:4      | Reached XP level 6. HP: 46/50 MP: 6/6
  2868 | D:4      | Reached skill level 5 in Fighting
  3119 | D:4      | HP: 3/76 [orc/whip (6)]
  3284 | D:4      | Gained mutation: You are partially covered in sharp spines. [demonic ancestry]
  3284 | D:4      | Reached XP level 7. HP: 56/56 MP: 7/7
  3549 | D:4      | Noticed an ogre
  3554 | D:4      | Killed an ogre
  3584 | D:4      | Found a blossoming altar of Fedhas.
  3589 | D:4      | Found an ancient bone altar of Kikubaaqudgha.
  3711 | D:5      | Entered Level 5 of the Dungeon
  3883 | D:5      | Reached skill level 6 in Fighting
  3887 | D:5      | Reached **** piety under Trog
  4016 | D:5      | Noticed Sigmund
  4048 | D:5      | Killed Sigmund
  4048 | D:5      | Gained mutation: You have razor-sharp toenails. [demonic ancestry]
  4048 | D:5      | Reached XP level 8. HP: 15/65 MP: 8/8
  4226 | D:5      | Found a shattered altar of Ashenzari.
  4444 | D:6      | Noticed AAAAA's ghost (amateur HuMo)
  4452 | D:6      | Killed AAAAA's ghost
  4525 | D:6      | Reached skill level 7 in Fighting
  4525 | D:6      | Reached skill level 5 in Armour
  4605 | D:6      | Found a staircase to the Ecumenical Temple.
  5048 | D:6      | Found an opulent altar of Gozag.
  5158 | D:7      | Reached XP level 9. HP: 72/72 MP: 9/9
  5469 | D:7      | Gained mutation: You are resistant to electric shocks. [potion of mutation]
  5469 | D:7      | Gained mutation: Your system is resistant to poisons. [potion of mutation]
  5491 | D:7      | Reached skill level 8 in Maces & Flails
  5495 | D:7      | Got a heavily runed ivory ring
  5497 | D:7      | Identified the ring "Ruiskaett" {MP+9 AC+4 Int+3 Stlth+} (You found it on level 7 of the Dungeon)
  5610 | D:7      | Reached skill level 5 in Dodging
  5837 | D:8      | Found a staircase to the Lair.
  5864 | D:8      | Reached ***** piety under Trog
  5920 | Lair:1   | Entered Level 1 of the Lair of Beasts
  5969 | D:8      | Received a gift from Trog
  6110 | D:8      | Noticed Psyche
  6118 | D:8      | Killed Psyche
  6130 | D:8      | Reached skill level 9 in Maces & Flails
  6481 | D:9      | Gained mutation: You have a pair of small horns on your head. [demonic ancestry]
  6481 | D:9      | Reached XP level 10. HP: 79/79 MP: 10/10
  6808 | D:9      | Reached skill level 10 in Maces & Flails
  6862 | D:9      | Found an iron altar of Okawaru.
  7320 | D:10     | Entered Level 10 of the Dungeon
  7390 | D:10     | Found Awuaduur's Food Boutique.
  7405 | D:10     | Noticed a hill giant
  7415 | D:10     | Killed a hill giant
  7488 | D:10     | Received a gift from Trog
  7642 | D:10     | Noticed a skeletal warrior
  7661 | D:10     | Killed a skeletal warrior
  7661 | D:10     | Gained mutation: You are mostly covered in sharp spines. [demonic ancestry]
  7661 | D:10     | Reached XP level 11. HP: 66/85 MP: 11/11
  7670 | D:10     | Killed an unseen horror
  7670 | D:10     | Reached skill level 11 in Maces & Flails
  7710 | D:10     | Noticed a skeletal warrior
  7710 | D:10     | Noticed a skeletal warrior
  7711 | D:10     | Noticed a skeletal warrior
  7711 | D:10     | Noticed a skeletal warrior
  7720 | D:10     | Killed a skeletal warrior
  7728 | D:10     | Killed a skeletal warrior
  7793 | D:10     | Killed a skeletal warrior
  8210 | D:10     | Found a staircase to the Orcish Mines.
  8241 | D:10     | Killed a skeletal warrior
  8306 | D:11     | Noticed a hill giant
  8314 | D:11     | Killed a hill giant
  8343 | D:11     | Received a gift from Trog
  8575 | D:11     | Reached skill level 12 in Maces & Flails
  9332 | D:11     | Noticed a skeletal warrior
  9351 | D:11     | Killed a skeletal warrior
  9544 | D:12     | Noticed a hill giant
  9557 | D:12     | Killed a hill giant
  9649 | D:12     | Gained mutation: You are completely covered in sharp spines. [demonic ancestry]
  9649 | D:12     | Reached XP level 12. HP: 88/95 MP: 12/12
  9897 | D:12     | Noticed Frances
  9913 | D:12     | Killed Frances
  9913 | D:12     | Reached skill level 13 in Maces & Flails
 10081 | D:12     | Reached skill level 10 in Fighting
 10600 | D:13     | Noticed Rupert
 10612 | D:13     | Killed Rupert
 10612 | D:13     | Reached skill level 14 in Maces & Flails
 10772 | D:13     | Received a gift from Trog
 10787 | D:13     | Found a gate to the Vaults.
 10922 | D:13     | Reached XP level 13. HP: 73/103 MP: 13/13
 11028 | D:13     | Found a runed door.
 11028 | D:13     | Noticed a ghost crab
 11028 | D:13     | Noticed an ettin
 11028 | D:13     | a ghost crab changed into a death drake
 11037 | D:13     | Killed an ettin
 11047 | D:13     | Identified the Collected Works on Spatial Slavery
 11149 | D:13     | Got an iridescent whip
 11150 | D:13     | Identified the cursed +2 whip of Contention {freeze, rPois rF- rN+ Dex+2} (You found it on level 13 of the Dungeon)
 11340 | D:14     | Reached skill level 15 in Maces & Flails
 11362 | D:14     | Found a frozen archway.
 11385 | IceCv    | Entered an ice cave
 11917 | IceCv    | Found an ancient bone altar of Kikubaaqudgha.
 12804 | Lair:1   | Found a shattered altar of Ashenzari.
 13023 | Lair:1   | Received a gift from Trog
 13027 | Lair:1   | Got a sapphire quarterstaff {god gift}
 13028 | Lair:1   | Identified the +9 quarterstaff of the Illusory Lies {freeze, +Blink +Rage rC+} (Trog gifted it to you on level 1 of the Lair of Beasts)
 13065 | Lair:1   | Noticed a black mamba
 13069 | Lair:1   | Killed a black mamba
 13070 | Lair:1   | Noticed a spiny frog
 13078 | Lair:1   | Killed a spiny frog
 13142 | Lair:1   | Noticed Urug
 13153 | Lair:1   | Killed Urug
 13153 | Lair:1   | Reached skill level 16 in Maces & Flails
 14331 | Lair:3   | Received a gift from Trog
 14367 | Lair:3   | Gained mutation: You have very sharp fingernails. [demonic ancestry]
 14367 | Lair:3   | Reached XP level 14. HP: 111/111 MP: 14/14
 14396 | Lair:3   | Reached ****** piety under Trog
 15157 | Lair:4   | Found a staircase to the Snake Pit.
 15178 | Snake:1  | Entered Level 1 of the Snake Pit
 15178 | Snake:1  | Found Ifiybrevuh's Assorted Antiques.
 15188 | Snake:1  | Bought a scroll of blinking for 187 gold pieces
 15218 | Snake:1  | Found Ukaumotu's Book Boutique.
 15327 | Snake:1  | Found Adgharghou's Food Boutique.
 15655 | Snake:1  | Reached skill level 17 in Maces & Flails
 15674 | Snake:1  | Received a gift from Trog
 16091 | Snake:1  | Noticed Aizul
 16111 | Snake:1  | Killed Aizul
 16848 | Orc:1    | Entered Level 1 of the Orcish Mines
 16905 | Orc:1    | Found Uhofuz's Jewellery Emporium.
 17016 | Orc:1    | Noticed Nergalle
 17110 | Orc:1    | Killed Nergalle
 17814 | Orc:2    | Noticed Erolcha
 17823 | Orc:2    | Killed Erolcha
 18003 | Orc:3    | Received a gift from Trog
 18038 | Orc:3    | Noticed Nessos
 18049 | Orc:3    | Killed Nessos
 18785 | Orc:4    | Entered Level 4 of the Orcish Mines
 18785 | Orc:4    | Found a roughly hewn altar of Beogh.
 19853 | Orc:4    | Found a staircase to the Elven Halls.
 20190 | Orc:4    | Found Atukyib's Distillery.
 20190 | Orc:4    | Found Sosch's Jewellery Emporium.
 20192 | Orc:4    | Found Icerechefe's Assorted Antiques.
 20194 | Orc:4    | Found Poesit's Assorted Antiques.
 20203 | Orc:4    | Bought a potion of heal wounds for 55 gold pieces
 20203 | Orc:4    | Bought a potion of heal wounds for 55 gold pieces
 20203 | Orc:4    | Bought a potion of degeneration for 11 gold pieces
 20214 | Orc:4    | Bought an uncursed amulet of clarity for 260 gold pieces
 20253 | Orc:4    | Received a gift from Trog
 20333 | Orc:1    | Bought the ring "Siqim" {AC+6 Str+5} for 1241 gold pieces
 20730 | Lair:5   | Noticed lucasterio's ghost (journeyman GrEE)
 20753 | Lair:5   | Killed lucasterio's ghost
 20753 | Lair:5   | Gained mutation: You have claws for hands. [demonic ancestry]
 20753 | Lair:5   | Reached XP level 15. HP: 104/123 MP: 15/15
 20887 | Lair:5   | Noticed Snorg
 20897 | Lair:5   | Killed Snorg
 21507 | Lair:6   | Found a labyrinth entrance.
 21516 | Lab      | Entered a labyrinth
 22193 | Lab      | Got a shimmering chain mail
 22199 | Lab      | Identified the cursed +1 chain mail of the Assorted Curses {Str+5} (You took it off a minotaur in a labyrinth)
 22238 | Lab      | Got a polished ring mail
 22244 | Lab      | Identified the +1 ring mail of Xioripp {rCorr Str-2 Dex+3 SInv} (You found it in a labyrinth)
 22326 | Lair:6   | Found a staircase to the Shoals.
 22403 | Lair:6   | Reached skill level 10 in Armour
 22932 | Lair:6   | Received a gift from Trog
 23116 | Lair:7   | Found a viscous altar of Jiyva.
 23417 | Lair:7   | Found a staircase to the Slime Pits.
 23797 | Lair:8   | Entered Level 8 of the Lair of Beasts
 24026 | Lair:8   | Received a gift from Trog
 25703 | D:15     | Entered Level 15 of the Dungeon
 25739 | D:15     | Gained mutation: You regenerate health from kills. [demonic ancestry]
 25739 | D:15     | Reached XP level 16. HP: 130/130 MP: 16/16
 25801 | D:15     | Paralysed by an orc sorcerer for 6 turns
 25894 | D:15     | Received a gift from Trog
 25983 | D:15     | Found a staircase to the Depths.
 26539 | Depths:1 | Entered Level 1 of the Depths
 26634 | Depths:1 | Reached skill level 15 in Armour
 26710 | Depths:1 | Found a gateway to Hell.
 26726 | Depths:1 | Found a one-way gate to the infinite horrors of the Abyss.
 26816 | Depths:1 | Found Denwag's Book Boutique.
 27194 | Depths:1 | Received a gift from Trog
 27777 | Depths:1 | Reached skill level 10 in Dodging
 27811 | Depths:1 | Gained mutation: You resist negative energy. [demonic ancestry]
 27811 | Depths:1 | Reached XP level 17. HP: 40/136 MP: 17/17
 28162 | Depths:1 | Got a wavering ivory ring
 28163 | Depths:1 | Identified the ring "Xaptaim" {EV+4 Str+6} (You found it on level 1 of the Depths)
 28247 | Depths:2 | Received a gift from Trog
 28261 | Depths:2 | Found a gateway to a ziggurat.
 28326 | Depths:2 | Noticed a lich
 28342 | Depths:2 | Killed a lich
 29238 | Depths:2 | Noticed Wiglaf
 29322 | Depths:2 | Killed Wiglaf
 29505 | Depths:2 | Noticed a lich
 29518 | Depths:2 | Killed a lich
 29605 | Depths:3 | Received a gift from Trog
 29803 | Depths:4 | Noticed Boris
 29886 | Depths:4 | Paralysed by something for 6 turns
 29968 | Depths:4 | Gained mutation: You have a pair of horns on your head. [demonic ancestry]
 29968 | Depths:4 | Reached XP level 18. HP: 61/144 MP: 18/18
 30087 | Depths:4 | Noticed a tentacled monstrosity
 30096 | Depths:4 | Killed a tentacled monstrosity
 30121 | Depths:4 | Reached skill level 18 in Maces & Flails
 30199 | Depths:4 | Killed Boris
 30265 | Depths:4 | Reached skill level 1 in Throwing
 30400 | Depths:3 | Noticed an ancient lich
 30406 | Depths:3 | Killed an ancient lich
 30538 | Depths:3 | Received a gift from Trog
 30579 | Depths:3 | Reached skill level 5 in Throwing
 30607 | Depths:3 | Noticed Jory
 30634 | Depths:3 | Killed Jory
 30900 | Depths:3 | Found a one-way gate leading to the halls of Pandemonium.
 31153 | Depths:3 | Received a gift from Trog
 31849 | Depths:2 | Gained mutation: You are somewhat able to resist unholy torments (1 in 2 success). [demonic ancestry]
 31849 | Depths:2 | Reached XP level 19. HP: 150/153 MP: 19/19
 32191 | Lair:1   | Identified 2 scrolls of acquirement
 32842 | Snake:2  | Reached skill level 15 in Fighting
 32877 | Snake:2  | Noticed Vashnia
 32927 | Snake:2  | Shot with a bolt by Vashnia

Action                   |  1- 3 |  4- 6 |  7- 9 | 10-12 | 13-15 | 16-18 | 19-21 || total
-------------------------+-------+-------+-------+-------+-------+-------+-------++-------
Melee: Mace              |   133 |   135 |   173 |       |       |       |       ||   441
       Morningstar       |       |       |   116 |   335 |       |       |       ||   451
       Flail             |       |       |       |     1 |       |       |       ||     1
       Great mace        |       |       |       |   120 |  1470 |  1133 |    88 ||  2811
Throw: Throwing net      |       |     1 |       |       |     1 |       |       ||     2
       Javelin           |       |       |       |       |       |    20 |     1 ||    21
Invok: Berserk           |     3 |     5 |     4 |     7 |     5 |    10 |     1 ||    35
       Trog's Hand       |       |       |       |       |     7 |     2 |       ||     9
       Brothers in Arms  |       |       |       |       |     3 |       |       ||     3
       Burn Spellbooks   |       |       |       |       |     1 |       |       ||     1
Evoke: Wand              |       |       |       |       |     5 |     1 |       ||     6
  Use: Scroll            |     7 |     4 |     9 |    10 |    16 |    16 |     5 ||    67
       Potion            |       |     1 |     4 |     1 |     7 |     3 |       ||    16
 Stab: Sleeping          |     3 |     2 |     2 |     3 |       |       |       ||    10
       Distracted        |       |       |       |     1 |     1 |       |       ||     2
       Invisible         |       |       |       |       |     3 |       |       ||     3
  Eat: Chunk             |     6 |     9 |     8 |    22 |    33 |    11 |       ||    89
       Beef jerky        |       |       |     3 |       |     2 |     2 |       ||     7
       Meat ration       |       |       |     1 |     1 |       |       |       ||     2
       Royal jelly       |       |       |       |     1 |     6 |       |       ||     7
       Pizza             |       |       |       |     1 |     2 |       |       ||     3
       Fruit             |       |       |       |       |    17 |    10 |       ||    27
       Bread ration      |       |       |       |       |       |     4 |       ||     4
